 Dungeon Crawl Stone Soup version 0.26-a0-683-g5206c1d7ac (webtiles) character file.

Game seed: 15807945508735634094

77 marklar909 the Digger (level 4, -1/30 HPs)
             Began as a Formicid Earth Elementalist on Oct 23, 2020.
             Slain by a hound (5 damage)
             ... on level 3 of the Dungeon.
             The game lasted 00:03:07 (2124 turns).

marklar909 the Digger (Formicid Earth Elementalist) Turns: 2124, Time: 00:03:08

Health: -1/30      AC:  2    Str: 13    XL:     4   Next: 58%
Magic:  2/8        EV: 12    Int: 15    God:
Gold:   103        SH:  0    Dex: 11    Spells: 5/9 levels left

rFire    . . .     SeeInvis +   (no weapon)
rCold    . . .     Faith    .   (no shield)
rNeg     . . .     Spirit   .   c - +0 robe
rPois    .         Reflect  .   (helmet unavailable)
rElec    .         Harm     .   (no cloak)
rCorr    .         Rampage  .   (no gloves)
MR       .....                  (no boots)
Stlth    ++........             (no amulet)
HPRegen  0.10/turn              (no ring)
MPRegen  0.11/turn              (no ring)

@: no status effects
A: permanent stasis, dig shafts and tunnels, four strong arms, antennae 3
a: Dig, Shaft Self


You were on level 3 of the Dungeon.
You visited 1 branch of the dungeon, and saw 3 of its levels.

You collected 103 gold pieces.

Inventory:

Armour
 c - a +0 robe (worn)
 h - a cursed +0 buckler
 k - a +0 kite shield
Jewellery
 e - an uncursed ring of resist corrosion {unknown}
Scrolls
 a - a scroll of teleportation {unknown}
 f - a scroll of immolation {unknown}
 g - a scroll of magic mapping {unknown}
 i - 2 scrolls of identify {unknown}
Potions
 b - a potion of flight {unknown}
 d - 2 potions of curing {unknown}
 j - a potion of stabbing {unknown}


   Skills:
 + Level 2.0 Dodging
 + Level 2.8 Stealth
 * Level 0.1 Shields
 + Level 3.2 Spellcasting
 * Level 0.4 Conjurations
   Level 1.1 Transmutations
 + Level 4.8 Earth Magic


You had 5 spell levels left.
You knew the following spells:

 Your Spells              Type           Power        Failure   Level
a - Sandblast             Erth           ###...       2%          1
b - Stone Arrow           Conj/Erth      ##....       21%         3

Your spell library contained the following spells:

 Spells                   Type           Power        Failure   Level
 Passwall                 Tmut/Erth      ##......     9%          2
 Petrify                  Tmut/Erth      ##......     50%         4
 Lee's Rapid Deconstruct  Erth           ###.......   58%         5


Dungeon Overview and Level Annotations

Branches:
Dungeon (3/15)

Altars:

Annotations:
D:3 3 runed translucent doors, Whiskey's ghost, amateur OpEn


Innate Abilities, Weirdness & Mutations

You cannot be hasted, slowed, berserked, paralysed or teleported.
You can dig through walls and to a lower floor.
Your four strong arms can wield two-handed weapons with a shield.
You have a pair of large antennae on your head. (SInv)


Message History

* * * LOW HITPOINT WARNING * * *
Unknown command.
The bat closely misses you. The hound completely misses you.
The hound closely misses you.
A kobold comes into view.
The hound barely misses you. The hound closely misses you.
The giant cockroach bites you but does no damage.
The hound misses you.
You open the door. The giant cockroach barely misses you.
The hound closely misses you. The orc hits you.
* * * LOW HITPOINT WARNING * * *
The leopard gecko bites you but does no damage.
The hound barely misses you.
The giant cockroach bites you but does no damage.
The kobold hits you.
* * * LOW HITPOINT WARNING * * *
There is an open door here.
The hound bites you.
You die...

.#.##.....# #.#
##........######'####
....................#
######..........)...#
#..............#
#....######+####
#....# #.# #....# #.#
#....# #@#
#....######h######
####.##...bKl.....#
#.##...oB......#
#.##...........#
#.##...........#
#..'...........#
####...........#
#...........#


You could see a hound, an orc, a leopard gecko, a giant cockroach, a bat and a
kobold.

Vanquished Creatures
  2 adders (D:2)
  3 dart slugs
  2 leopard geckos (D:2)
  6 giant cockroaches
  2 hobgoblins (D:1)
  11 kobolds
  A quokka (D:2)
  A ball python (D:1)
  7 bats
  A frilled lizard (D:2)
  8 goblins
  7 rats
51 creatures vanquished.

Notes
Turn   | Place    | Note
-------+----------+-------------------------------------------
     0 | D:1      | marklar909 the Formicid Earth Elementalist began the quest
                  | for the Orb.
     0 | D:1      | Reached XP level 1. HP: 13/13 MP: 3/3
   180 | D:1      | Reached skill level 4 in Earth Magic
   180 | D:1      | Reached XP level 2. HP: 19/19 MP: 1/5
   502 | D:1      | Reached XP level 3. HP: 23/24 MP: 3/6
   645 | D:1      | Learned a level 3 spell: Stone Arrow
  1234 | D:2      | Reached XP level 4. HP: 30/30 MP: 6/8
  2017 | D:3      | Found a runed translucent gate.
  2018 | D:3      | Found a runed translucent gate.
  2018 | D:3      | Found a runed translucent gate.
  2038 | D:3      | Noticed Whiskey's ghost (amateur OpEn)
  2124 | D:3      | Slain by a hound

Illustrated notes

Levels and vault maps discovered:
D:1:      roderic_octagonal_star, layout_basic
D:2:      layout_basic, minmay_misc_feat_pillars
D:3:      layout_basic, ebering_ghost_rock_garden

Skill      XL: |  1  2  3 |
---------------+----------+-----
Earth Magic    | 4 |  4.8
Dodging        | 2 |  2.0
Spellcasting   | 3 |  3.2
Stealth        | |  2.8
Shields        | |  0.1
Conjurations   | |  0.4
Transmutations | |  1.1

Action                   |  1- 3 |  4- 6 || total
-------------------------+-------+-------++-------
Melee: Unarmed           |    13 |    16 ||    29
 Cast: Sandblast         |    45 |    21 ||    66
       Stone Arrow       |       |     2 ||     2
Armor: Robe              |     6 |    16 ||    22
Dodge: Dodged            |    11 |    43 ||    54

Table legend: (Time is in decaauts)
 A = Elapsed time spent in this place.
 B = Non-inter-level travel time spent in this place.
 C = Inter-level travel time spent in this place.
 D = Time resting spent in this place.
 E = Time spent auto-exploring this place.
 F = Levels seen in this place.
 G = Mean time per level.
                   A        B        C        D        E       F      G
               +--------+--------+--------+--------+--------+-----+--------+
         Total |   2123 |   2084 |     39 |      0 |   1697 |   3 |  707.7 |
       Dungeon |   2123 |   2084 |     39 |      0 |   1697 |   3 |  707.7 |
               +--------+--------+--------+--------+--------+-----+--------+

Top non-repeatable levels by time:
     D:1: 1030 daAuts
     D:2: 880 daAuts
     D:3: 212 daAuts
